 Dungeon Crawl Stone Soup version 0.28-a0-938-gbc3f381ebc (webtiles) character file.

Game seed: 1085775834889570143

325 enile the Ruffian (level 6, 0/62 HPs)
             Began as a Troll Fighter on Nov 29, 2021.
             Was a Priest of Lugonu.
             Killed by divine providence
             ... invoked by an orc priest
              (14 damage)
             ... on level 4 of the Dungeon.
             The game lasted 00:05:27 (2190 turns).

enile the Ruffian (Troll Fighter)                   Turns: 2190, Time: 00:05:28

Health: 0/62       AC:  4    Str: 27      XL:     6   Next: 24%
Magic:  5/6        EV:  8    Int:  1 (2)  God:    Lugonu [***...]
Gold:   142        SH: 12    Dex:  7 (9)  Spells: 5/5 levels left

rFire   . . .      SeeInvis .     - Unarmed
rCold   . . .      Faith    .   b - +0 kite shield
rNeg    . . .      Spirit   .   a - +0 robe
rPois   .          Reflect  +   (helmet restricted)
rElec   .          Harm     .   (no cloak)
rCorr   .          Rampage  .   (gloves unavailable)
Will    .....      Clarity  +   (boots unavailable)
Stlth   +.........              e - amulet of reflection
HPRegen 1.00/turn               (no ring)
MPRegen 0.10/turn               (no ring)

@: lethally poisoned (0 -> 0)
A: large, unfitting armour, claws 3, regeneration 1, shaggy fur 1, tough skin 1,
clarity, deterioration 1, dopey 1
a: Renounce Religion, Depart the Abyss, Bend Space, Banish


You were on level 4 of the Dungeon.
You worshipped Lugonu.
Lugonu was most pleased with you.
You visited 1 branch of the dungeon, and saw 4 of its levels.

You collected 142 gold pieces.

Inventory:

Hand Weapons
 k - a +0 antimagic halberd
Missiles
 f - 2 throwing nets (quivered)
Armour
 a - a +0 robe (worn)
 b - a +0 kite shield (worn)
 g - a +2 pair of boots
Jewellery
 e - an amulet of reflection (around neck)
 i - an amulet of faith
Scrolls
 j - a scroll of holy word
 l - 3 scrolls of teleportation {unknown}
 m - 2 scrolls of amnesia
Potions
 c - a potion of degeneration
 d - a potion of invisibility
 n - a potion of heal wounds


   Skills:
 + Level 3.6 Fighting
 - Level 1.0 Throwing
 - Level 3.0 Dodging
 - Level 3.0 Shields
 - Level 4.0 Unarmed Combat
 - Level 2.0 Invocations


You had 5 spell levels left.
You didn't know any spells.
Your spell library was empty.

Dungeon Overview and Level Annotations

Branches:
Dungeon (4/15)
 Temple: D:4-7

Altars:
Lugonu


Innate Abilities, Weirdness & Mutations

You are too large for most types of armour.
You have claws for hands.
Your natural rate of healing is unusually fast.
You are covered in fur. (AC +1)
You have tough skin. (AC +1)
You possess an exceptional clarity of mind.
Your body sometimes deteriorates upon taking damage.
You are dopey. (Int -2)


Message History

You claw the orc!
You kill the orc!
Lugonu accepts your kill.
The orc priest hits you from afar with a +0 trident!
Your body deteriorates!
You feel clumsy.
You scratch the orc.
The orc is almost dead.
You block the orc's attack.
The orc priest hits you from afar with a +0 trident.
You block the orc's attack.
You claw the orc!
You kill the orc!
Lugonu accepts your kill. You block the orc priest's attack.
Throw: 3 throwing nets
Press: ? - help, Q - select action, (/) - cycle Shift-Dir - straight line, f - orc priest
Aim: an orc priest, wielding a +0 trident and wearing a +0 leather armour (strong, 52% to hit)
You throw a throwing net.
The throwing net barely misses the orc priest.
The orc priest hits you from afar with a +0 trident.
You block the orc priest's attack.
You scratch the orc.
The orc is heavily wounded.
The orc hits you but does no damage.
The orc priest hits you from afar with a +0 trident!
* * * LOW HITPOINT WARNING * * *
Space bends around you!
You blink.
The orc priest miscasts a cantrip.
An adder comes into view.
The adder hisses angrily.
The adder bites you.
* * * LOW HITPOINT WARNING * * *
You are poisoned.
The adder poisons you!
You closely miss the adder.
You feel sick. The adder bites you but does no damage.
Found a stone staircase leading down.
You feel sick.
The orc priest mumbles some strange prayers to Beogh against you.
Beogh smites you!
You die...

.###.....o..
..#
.##.....#
#..#
.......####
#..#
...###(o..#
#..# ...#
####.## #..#
.###
#..#####..#
.#
#.o.o.#..##
.#
####..oS..#
..#
#...##@#.#
...#
#.####.#
##.# ... #.#
# .# ### #.#
# ### # #.#
# ..##.# #..
####....#
#.. ##....#
>..
...#.####


You could see an orc priest (strong), an adder and 2 orcs.

Vanquished Creatures
  A necrophage (D:4)
  2 hounds
  An orc wizard (D:3)
  4 gnolls (D:2)
  3 adders
  An ufetubus (D:3)
  A worm (D:4)
  4 dart slugs
  6 orcs
  9 ball pythons
  4 bats
  6 endoplasms
  A giant cockroach (D:2)
  6 goblins
  7 hobgoblins
  2 jackals (D:4)
  2 quokkas
  2 frilled lizards (D:3)
  2 kobolds
  4 rats (D:1)
68 creatures vanquished.

Vanquished Creatures (others)
  An orc wizard (D:3)
1 creature vanquished.

Grand Total: 69 creatures vanquished

Notes
Turn   | Place    | Note
-------+----------+-------------------------------------------
     0 | D:1      | enile the Troll Fighter began the quest for the Orb.
     0 | D:1      | Reached XP level 1. HP: 22/22 MP: 0/0
   328 | D:1      | Found a faded altar of an unknown god.
   332 | D:1      | Reached XP level 2. HP: 29/29 MP: 1/1
   359 | D:1      | Prayed at the altar of an unknown god.
   359 | D:1      | Became a worshipper of Lugonu the Unformed
   359 | D:1      | Reached * piety under Lugonu
   359 | D:1      | Reached ** piety under Lugonu
   654 | D:2      | Reached skill level 3 in Unarmed Combat
   654 | D:2      | Reached XP level 3. HP: 34/37 MP: 2/2
   720 | D:2      | Reached XP level 4. HP: 42/45 MP: 3/3
   741 | D:2      | Reached skill level 1 in Throwing
  1554 | D:3      | Reached skill level 1 in Invocations
  1554 | D:3      | Reached XP level 5. HP: 23/53 MP: 3/5
  1768 | D:3      | Gained mutation: You have hidden genetic defects. [potion
                  | of mutation]
  1768 | D:3      | Gained mutation: You possess an exceptional clarity of
                  | mind. [potion of mutation]
  1796 | D:3      | Gained mutation: You are dopey. (Int -2) [hidden defects]
  1887 | D:3      | Reached *** piety under Lugonu
  2087 | D:4      | Gained mutation: Your body sometimes deteriorates upon
                  | taking damage. [hidden defects]
  2087 | D:4      | Lost mutation: You have hidden genetic defects. [hidden
                  | defects expressed]
  2125 | D:4      | Noticed a necrophage
  2130 | D:4      | Killed a necrophage
  2131 | D:4      | Reached skill level 4 in Unarmed Combat
  2131 | D:4      | Reached XP level 6. HP: 56/61 MP: 6/6
  2190 | D:4      | Killed from afar by an orc priest

Illustrated notes

Levels and vault maps discovered:
D:1:      dpeg_arrival_court, layout_loops_ring,
          nicolae_ecumenical_snake_handling
D:2:      layout_loops_corners
D:3:      layout_basic, chequers_serial_rivers_micro_e
D:4:      layout_rooms, mainiacjoe_overflow_concentric_impassable,
          nemelex_spade_bored_becter

Skill      XL: |  1  2  3  4  5 |
---------------+----------------+-----
Fighting       | 3 |  3.6
Unarmed Combat | 3 4 |  4.0
Dodging        | 3 |  3.0
Throwing       | 1 |  1.0
Shields        | 3 |  3.0
Invocations    | 1 2 |  2.0

Action                   |  1- 3 |  4- 6 || total
-------------------------+-------+-------++-------
Melee: Unarmed           |    52 |   123 ||   175
Throw: Throwing net      |       |     1 ||     1
Invok: Bend Space        |       |     1 ||     1
  Use: Potion            |       |     5 ||     5
       Scroll            |       |     3 ||     3
 Stab: Invisible         |       |     2 ||     2
Armor: Robe              |    17 |    45 ||    62
Dodge: Dodged            |    10 |    40 ||    50
Block: Kite shield       |    23 |    53 ||    76

Table legend: (Time is in decaauts)
 A = Elapsed time spent in this place.
 B = Non-inter-level travel time spent in this place.
 C = Inter-level travel time spent in this place.
 D = Time resting spent in this place.
 E = Time spent auto-exploring this place.
 F = Levels seen in this place.
 G = Mean time per level.
                   A        B        C        D        E       F      G
               +--------+--------+--------+--------+--------+-----+--------+
         Total |   2217 |   2125 |     92 |      0 |   1652 |   4 |  554.2 |
       Dungeon |   2217 |   2125 |     92 |      0 |   1652 |   4 |  554.2 |
               +--------+--------+--------+--------+--------+-----+--------+

Top non-repeatable levels by time:
     D:2: 881 daAuts
     D:1: 635 daAuts
     D:3: 543 daAuts
     D:4: 157 daAuts
